 Dungeon Crawl Stone Soup version 0.20.1-1-g8b1a95d (webtiles) character file.

2475 vomix the Cleaver (level 9, -6/70 HPs)
             Began as a Minotaur Berserker on Sept 1, 2017.
             Was an Elder of Trog.
             Mangled by an orc warrior
             ... wielding a cursed +0 glaive
              (22 damage)
             ... on level 7 of the Dungeon.
             The game lasted 00:11:27 (7012 turns).

vomix the Cleaver (Minotaur Berserker)              Turns: 7012, Time: 00:11:27

Health: -6/70      AC: 15    Str: 23    XL:     9   Next: 27%
Magic:  8/8        EV:  7    Int:  4    God:    Trog [****..]
Gold:   315        SH:  0    Dex: 12    Spells: 8/8 levels left

rFire    + . .     SeeInvis .   D - +0 battleaxe
rCold    . . .     Gourm    .   (shield currently unavailable)
rNeg     . . .     Faith    .   E - +0 plate armour
rPois    .         Spirit   .   (helmet restricted)
rElec    .         Reflect  .   (no cloak)
rCorr    .         Harm     .   x - +2 pair of gloves
MR       .....                  w - +0 pair of boots
Stlth    ..........             (no amulet)
Regen    0.3/turn               u - ring of protection from fire
MPRegen  0.2/turn               n - ring of stealth

@: berserk cooldown, slowed, very slow
A: retaliatory headbutt, horns 2
a: Berserk, Trog's Hand, Brothers in Arms, Burn Spellbooks, Renounce Religion


You were on level 7 of the Dungeon.
You worshipped Trog.
Trog was greatly pleased with you.
You were near starving.

You visited 2 branches of the dungeon, and saw 8 of its levels.
You also visited: Ossuary.

You collected 315 gold pieces.

Inventory:

Hand Weapons
 D - a +0 battleaxe (weapon)
Armour
 w - a +0 pair of boots (worn)
 x - a +2 pair of gloves (worn)
 E - a +0 plate armour (worn)
Jewellery
 n - a ring of stealth (right hand)
 u - a ring of protection from fire (left hand)
Wands
 q - a wand of polymorph (9/24)
 r - a wand of confusion (23/48)
 C - a wand of flame (26/48)
Scrolls
 d - 5 scrolls of immolation {unknown}
 e - a scroll of blinking {unknown}
 f - 3 scrolls of remove curse {unknown}
 k - 5 scrolls of identify {unknown}
 l - 6 scrolls of teleportation {unknown}
 m - 4 scrolls of enchant armour {unknown}
 o - a scroll of enchant weapon {unknown}
 p - a scroll of fear {unknown}
 s - a scroll of fog {unknown}
 t - 2 scrolls of magic mapping {unknown}
 y - 2 scrolls of recharging {unknown}
 B - a scroll of noise {unknown}
 I - a scroll of random uselessness {unknown}
Potions
 a - 2 potions of might {unknown}
 b - 8 potions of curing {unknown}
 h - a potion of mutation {unknown}
 j - a potion of experience {unknown}
 v - a potion of haste {unknown}
 z - 2 potions of flight {unknown}
 A - a potion of degeneration {unknown}
 F - a potion of ambrosia {unknown}
Comestibles
 c - 6 bread rations
 g - a royal jelly
 i - 6 meat rations
 G - 4 chunks of flesh
 H - 4 fruits


   Skills:
 - Level 3.6 Fighting
 + Level 14.6 Axes
 - Level 2.4 Armour
 - Level 2.1 Dodging


You had 8 spell levels left.
You didn't know any spells.

Dungeon Overview and Level Annotations

Branches:
Dungeon (7/15)             Temple (1/1) D:6

Altars:
Ashenzari
Cheibriados
Dithmenos
Elyvilon
Fedhas
Gozag
Hepliaklqana
Kikubaaqudgha
Nemelex Xobeh
Okawaru
Qazlal
Ru
Sif Muna
Trog
Uskayaw
Xom
Yredelemnul
Zin
The Shining One


Innate Abilities, Weirdness & Mutations

You reflexively headbutt those who attack you in melee.
You have a pair of horns on your head.


Message History

* * * LOW HITPOINT WARNING * * *
A hound comes into view.
You barely miss the orc priest.
The orc priest is heavily wounded.
The orc warrior hits you from afar with a glaive.
* * * LOW HITPOINT WARNING * * *
You closely miss the orc warrior. Your headbutt misses the orc warrior.
You are no longer berserk.
You are exhausted.
You feel yourself slow down.
The orc priest begins to cast a cantrip, but forgets the words!
The orc warrior closely misses you.
You hit the orc warrior but do no damage.
Your headbutt misses the orc warrior. The hound bites you but does no damage.
The orc warrior hits you with a glaive.
* * * LOW HITPOINT WARNING * * *
You barely miss the orc warrior. You hit the hound.
The hound bites you but does no damage. x2
The orc warrior hits you with a glaive!!
You die...

#..## ... .. #.>..
...#..... #...#
#..#..... # #...#
#.?...... .#
#.#.###..#..... .#
........#..... ##
##########.#.#)......#
#.....(......h)o..#
###
#.##########@#....#
..# #.# #o##h#.# #.#
#.# #.. ...# #.# #.#
####.#.# #.# #.# a....
#.###.# .. ### ......#
..# รท.###### ..#
.......#


You could see an orc warrior, a hound and an orc priest.

Vanquished Creatures
  The ghost of Thaneod the Skirmisher, an amateur MiBe of Trog (D:3)
  Eustachio (D:6)
  2 wraiths (Ossuary)
  A hungry ghost (D:7)
  2 sky beasts (D:6)
  A phantom (D:7)
  An ogre (D:5)
  A centaur (D:6)
  2 bullfrogs
  A water moccasin zombie (D:5)
  5 scorpions
  2 wights (Ossuary)
  A bullfrog zombie (D:5)
  3 crimson imps
  A centaur zombie (D:6)
  4 orc priests
  A hound (D:3)
  2 centaur skeletons
  3 orc wizards
  A bullfrog skeleton (D:7)
  5 worker ants
  A mummy (D:5)
  Robin (D:2)
  7 gnolls
  A howler monkey skeleton (D:7)
  2 adders
  An adder skeleton (D:6)
  3 adder zombies
  2 worms (D:2)
  3 dart slugs
  2 leopard geckos (D:3)
  7 orcs
  11 bats
  2 giant cockroaches (D:2)
  13 goblins
  13 hobgoblins
  5 jackals
  9 kobolds
  A quokka (D:2)
  2 ball pythons
  2 ball python skeletons (Ossuary)
  6 frilled lizards
  A goblin zombie (D:5)
  A hobgoblin skeleton (Ossuary)
  A hobgoblin zombie (Ossuary)
  A kobold zombie (Ossuary)
  An orc skeleton (Ossuary)
  3 orc zombies
  5 rats
148 creatures vanquished.

Notes
Turn   | Place    | Note
-------+----------+-------------------------------------------
     0 | D:1      | vomix the Minotaur Berserker began the quest for the Orb.
     0 | D:1      | Reached XP level 1. HP: 19/19 MP: 0/0
    51 | D:1      | Reached skill level 4 in Axes
   147 | D:1      | Reached XP level 2. HP: 21/26 MP: 1/1
   474 | D:1      | Reached skill level 5 in Axes
   620 | D:2      | Reached XP level 3. HP: 25/31 MP: 2/2
   958 | D:2      | Reached ** piety under Trog
  1594 | D:2      | Reached XP level 4. HP: 39/39 MP: 3/3
  1630 | D:2      | Noticed Robin
  1634 | D:2      | Reached skill level 6 in Axes
  1642 | D:2      | Killed Robin
  2322 | D:3      | Noticed Thaneod's ghost (amateur MiBe)
  2337 | D:3      | Killed Thaneod's ghost
  2337 | D:3      | Reached skill level 8 in Axes
  2337 | D:3      | Reached XP level 5. HP: 39/45 MP: 4/4
  2485 | D:3      | Reached XP level 6. HP: 8/51 MP: 5/5
  3675 | D:4      | Reached skill level 9 in Axes
  3795 | D:4      | Reached *** piety under Trog
  3894 | D:4      | Reached XP level 7. HP: 57/57 MP: 6/6
  4029 | D:5      | Entered Level 5 of the Dungeon
  4062 | D:5      | Reached skill level 10 in Axes
  4152 | D:5      | Found a sand-covered staircase.
  4162 | Ossuary  | Entered an ossuary
  4291 | Ossuary  | Noticed a flying skull
  4291 | Ossuary  | Noticed a wraith
  4300 | Ossuary  | Noticed a flying skull
  4323 | Ossuary  | Noticed a flying skull
  4505 | Ossuary  | Noticed a flying skull
  4517 | Ossuary  | Noticed a wraith
  4522 | Ossuary  | Killed a wraith
  4522 | Ossuary  | Reached skill level 11 in Axes
  4533 | Ossuary  | Noticed a wraith
  4544 | Ossuary  | Killed a wraith
  4544 | Ossuary  | Reached XP level 8. HP: 10/64 MP: 7/7
  5284 | D:5      | Reached skill level 12 in Axes
  5534 | D:5      | Reached **** piety under Trog
  5734 | D:5      | Found a glowing silver altar of Zin.
  5735 | D:5      | Found an opulent altar of Gozag.
  6005 | D:6      | Found a hazy altar of Hepliaklqana.
  6100 | D:6      | Noticed Eustachio
  6107 | D:6      | Killed Eustachio
  6107 | D:6      | Reached skill level 13 in Axes
  6482 | D:6      | Found a staircase to the Ecumenical Temple.
  6489 | Temple   | Entered the Ecumenical Temple
  6750 | D:6      | Reached XP level 9. HP: 63/70 MP: 8/8
  6837 | D:7      | Reached skill level 14 in Axes
  6936 | D:7      | Found a hide-covered altar of Uskayaw.
  6939 | D:7      | Found an ancient bone altar of Kikubaaqudgha.
  6947 | D:7      | Found a shattered altar of Ashenzari.
  7012 | D:7      | Mangled by an orc warrior

Skill      XL: |  1  2  3  4  5  6  7  8  9 |
---------------+----------------------------+-----
Axes           | 4 5 8 9 11 13 14 | 14.6
Fighting       | |  3.6
Armour         | |  2.4
Dodging        | |  2.1

Action                   |  1- 3 |  4- 6 |  7- 9 || total
-------------------------+-------+-------+-------++-------
Melee: Hand axe          |    93 |    74 |    61 ||   228
       Headbutt          |    16 |    20 |    33 ||    69
       Battleaxe         |       |       |   117 ||   117
Invok: Berserk           |       |     3 |     4 ||     7
       Trog's Hand       |       |     1 |       ||     1
 Stab: Sleeping          |     1 |     3 |     6 ||    10
       Distracted        |       |       |     1 ||     1
  Eat: Chunk             |     2 |    10 |     6 ||    18
       Meat ration       |       |       |     1 ||     1
       Royal jelly       |       |       |     1 ||     1
Armor: Animal skin       |    20 |    16 |    27 ||    63
       Plate armour      |       |       |    46 ||    46
Dodge: Dodged            |    37 |    35 |    68 ||   140
